Unix NetHack Version 5.0.0-0 post-release - last build May 10 2026 23:12:36 (d1fa5d53e341ca933230fdaa984d921c805b60aa,branch:main).

Game began 2026-05-14 12:58:15, ended 2026-05-14 13:07:14.

DaveT, lawful male human Priest

                                                 ----
       ----                         ----         |..|
    -- |..|                       ---..---       |..|
    |.--..|               ---    --......|       |..|
    |.....|              --.--- --<.....--       |..--
    --..|.|             --....| |......--        |...------ |
     |..|.|             |.....| |.---..-----------.|...%@B..-
     --.|.|             --....---.| --......-|..*%.|-----....|
     --...|              --.......|  ------..|.-----     -......
   ---....|               |....----     --......--         ........#
   |....|.|               |....|     ---|.)......|         ......[.|
   |..--|.|               |).---     |.--........|          ...--- #
   |..| |.|               |[--       |.........---           ...
   ------.|               |.|        --......---              ..-
       |..| ---------------)|         |......|                ...
       |.-||`...............|         |......|                 ...
       |..--.-----------..).--        |..---.--                 ...
      --...*.|        --.....--       |..| |..--                 ...
      |....---        |.......|       ---- |...|                 -...
      --.---          --..--.--            --.--                  --.-
       ---             ---- --              ---                     --
DaveT the Acolyte            St:10 Dx:12 Co:18 In:8 Wi:18 Ch:9  Lawful
Dlvl:4  $:120 HP:0(44) Pw:66(66) AC:6  Xp:5 T:1880 

Latest messages:
 This gnome corpse is stringy.
 You finish eating the gnome corpse.
 The dwarf throws a dagger!
 You are hit by a dagger.
 You hit the dwarf!
 The dwarf hits!
 You kill the dwarf!
 You hear crashing rock.
 The gnome wields an aklys!
 The gnome secures the tether on the aklys.
 You kill the gnome!
 You see here an aklys.
 There are several objects here.
 A trap door in the ceiling opens and a rock falls on your head!
 Fortunately, you are wearing a hard helmet.
 A - 6 daggers (12 in total).
 The gnome hits!
 You hit the gnome.
 You kill the gnome!
 You see here 2 tripe rations.
 You hear crashing rock.
 The rabid rat bites!
 You hit the rabid rat.
 You knock the rabid rat backward with a forceful blow!
 The rabid rat bites!
 You kill the rabid rat!
 You see here a rabid rat corpse.
 You kill the gnome!
 There is a gnome corpse here; eat it? [ynq] (n) y
 This gnome corpse tastes terrible!
 The giant bat bites!
 You stop eating the gnome corpse.
 You miss the giant bat.
 The giant bat bites!
 The giant bat bites!
 You hit the giant bat.
 The giant bat bites!
 The giant bat bites!
 You miss the giant bat.
 The giant bat bites!
 The giant bat bites!
 You hit the giant bat!
 The giant bat bites!
 The giant bat bites!
 Are you sure you want to pray? [yn] (n) y
 You begin praying to Ptah.
 The giant bat bites!
 You die...
 Do you want your possessions identified? [ynq] (y) y
 Do you want to see your attributes? [ynq] (y) q

Inventory:
 Coins    ('$')
  $ - 120 gold pieces
 Weapons  (')')
  A - 12 +0 daggers
  u - a +0 orcish dagger (at the ready)
  p - a +0 aklys
  a - a blessed rusty +1 mace (weapon in right hand)
 Armor    ('[')
  m - a +0 helmet (being worn)
  v - a +0 orcish helm
  n - a cursed rusty +0 orcish helm
  k - a cursed -1 pair of leather gloves (being worn)
  c - a blessed +0 small shield (being worn)
  b - a +0 robe (being worn)
 Comestibles  ('%')
  e - a clove of garlic
  j - 3 food rations
  x - a lembas wafer
  f - a sprig of wolfsbane
 Scrolls  ('?')
  s - a cursed scroll of create monster
 Potions  ('!')
  q - a potion of healing
  d - 4 potions of holy water
 Tools    ('(')
  o - an empty sack
  t - a lock pick
  z - a lock pick
  B - a lock pick
  i - an oil lamp
  y - a +0 pick-axe
 Gems/Stones  ('*')
  l - an agate stone

DaveT the Priest's attributes:

Background:
 You were an Acolyte, a level 5 human Priest.
 You were lawful, on a mission for Ptah
 who was opposed by Thoth (neutral) and Anhur (chaotic).
 You were right-handed.
 You were in the Gnomish Mines, on level 4.
 You entered the dungeon 1880 turns ago.
 You had 303 experience points, 17 more were needed to attain level 6.

Basics:
 You had 0 out of 44 hit points.
 You had all 66 energy points (spell power).
 Your armor class was 6.
 Your wallet contained 120 zorkmids.
 Autopickup was off.

Final Characteristics:
 Your strength was 10 (limit:18/100).
 Your dexterity was 12 (limit:18).
 Your constitution was 18 (limit:18).
 Your intelligence was 8 (limit:18).
 Your wisdom was 18 (limit:18).
 Your charisma was 9 (limit:18).

Final Status:
 You weren't hungry.
 You were unencumbered.
 You were wielding a mace.
 You were skilled in mace.

Final Attributes:
 You had transgressed.
 You were guarded.
 Your spell casting was enhanced by wearing a robe.
 You are dead.

Miscellaneous:
 You didn't encounter any bones levels.
 Total elapsed playing time was 8 minutes and 58 seconds.

Major events:
 Turn
    1: DaveT the lawful human Priest entered the dungeon
  686: entered the Gnomish Mines
  703: attained the rank of Acolyte (level 3)
 1880: killed by a giant bat, while praying

Spells:
 Name                 Level Category     Fail Retention
 light                  1   clerical       0%  91%-100%
 protection             1   clerical       0%  91%-100%

Skills:
 Fighting Skills
   bare handed combat [Unskilled]
 Weapon Skills
   club               [Unskilled]
   mace               [Skilled]
   morning star       [Unskilled]
   flail              [Unskilled]
   hammer             [Unskilled]
   quarterstaff       [Unskilled]
   polearms           [Unskilled]
   spear              [Unskilled]
   trident            [Unskilled]
   lance              [Unskilled]
   bow                [Unskilled]
   sling              [Unskilled]
   crossbow           [Unskilled]
   dart               [Unskilled]
   shuriken           [Unskilled]
   boomerang          [Unskilled]
   unicorn horn       [Unskilled]
 Spellcasting Skills
   healing spells     [Unskilled]
   divination spells  [Unskilled]
   clerical spells    [Basic]

Voluntary challenges:
 Character rerolling was not enabled.
 You were illiterate.
 You never genocided any monsters.
 You never polymorphed an object.
 You never changed form.
 You used no wishes.
Achievements:
 You entered a shop.
 You entered the Gnomish Mines.
 You attained the rank of Acolyte.

 The Dungeons of Doom: levels 1 to 3
    Level 1:
       An altar to Ptah, some fountains.
    Level 2: "vault door in S"
       A general store, many altars.
       Stairs down to The Gnomish Mines.
    Level 3:
       A fountain, a grave.
 The Gnomish Mines: levels 3 to 4
    Level 3:
    Level 4: <- You were here.
       Final resting place for
          you, killed by a giant bat, while praying.


Vanquished creatures:
  a rock piercer
  a pony
  3 gnome leaders
  2 gnomish wizards
  a straw golem
  4 dwarves
  a rothe
  a rabid rat
 an acid blob
  a coyote
  a gas spore
  a hobbit
  a red mold
 14 gnomes
  a jackal
  a kobold
  3 goblins
  a grid bug
  4 lichens
  2 newts
45 creatures vanquished.

No species were genocided or became extinct.

Game over:
                       ----------
                      /          \
                     /    REST    \
                    /      IN      \
                   /     PEACE      \
                  /                  \
                  |      DaveT       |
                  |      120 Au      |
                  |   killed by a    |
                  |    giant bat     |
                  |                  |
                  |                  |
                  |       2026       |
                 *|     *  *  *      | *
        _________)/\\_//(\/(/\)/\//\/|_)_______

Goodbye DaveT the Priest...

You died in The Gnomish Mines on dungeon level 4 with 1470 points,
and 120 pieces of gold, after 1880 moves.
You were level 5 with a maximum of 44 hit points when you died.

